 Dungeon Crawl Stone Soup version 0.26.0-20-g3ca415f5b8 (webtiles) character file.

Game seed: 11401260467798427132

6305 kaeus the Destroyer (level 10, -1/54 HPs)
             Began as a Gargoyle Fire Elementalist on Jan 25, 2021.
             Was a Follower of the Shining One.
             Slain by Grum
             ... wielding a +0 spear
              (11 damage)
             ... on level 10 of the Dungeon.
             The game lasted 00:19:09 (14235 turns).

kaeus the Destroyer (Gargoyle Fire Elementalist)   Turns: 14235, Time: 00:19:09

Health: -1/54      AC: 14    Str: 11    XL:     10   Next: 95%
Magic:  27/28      EV: 12    Int: 23    God:    the Shining One [*.....]
Gold:   606        SH:  4    Dex: 14    Spells: 8/21 levels left

rFire    + . .     SeeInvis .   I - +1 flail of the Muttering Stork {flame, Int+3 Dex+4 Stlth+} (curse)
rCold    . . .     Faith    .   B - +0 buckler
rNeg     + . .     Spirit   .   E - +1 leather armour {rF+}
rPois    ∞         Reflect  .   A - +2 hat
rElec    +         Harm     .   x - scarf {+Inv}
rCorr    .         Rampage  .   m - +0 pair of gloves
Will     .....                  (no boots)
Stlth    ++........             (no amulet)
HPRegen  0.18/turn              v - ring of magical power
MPRegen  0.21/turn              r - ring of stealth

@: glowing
A: negative energy resistance 1, electricity resistance, unbreathing,
petrification resistance, miasma immunity, AC +7
a: Renounce Religion, Evoke Invisibility


You were on level 10 of the Dungeon.
You worshipped the Shining One.
The Shining One was aware of your devotion.
You visited 2 branches of the dungeon, and saw 11 of its levels.

You collected 606 gold pieces.

Inventory:

Hand Weapons
 n - a +2 dagger of venom
 w - a +2 war axe of freezing
 D - a +2 hand axe of electrocution
 I - the cursed +1 flail of the Muttering Stork (weapon) {flame, Int+3 Dex+4 Stlth+}
   (You found it on level 8 of the Dungeon)

   It has been specially enchanted to burn those struck by it, causing extra
   injury to most foes and up to half again as much damage against particularly
   susceptible opponents.
   It affects your intelligence (+3).
   It affects your dexterity (+4).
   It makes you more stealthy.
   It has a curse placed upon it.
Armour
 m - a +0 pair of gloves (worn)
 x - a scarf of invisibility (worn)
 A - a +2 hat (worn)
 B - a +0 buckler (worn)
 E - a +1 leather armour of fire resistance (worn)
Jewellery
 r - a ring of stealth (right hand)
 v - a ring of magical power (left hand)
 H - an uncursed ring of ice
 J - an uncursed ring of see invisible
Wands
 a - a wand of polymorph (2)
 l - a wand of enslavement (11)
 t - a wand of digging (5)
Scrolls
 b - 3 scrolls of enchant weapon
 c - 2 scrolls of remove curse
 d - 4 scrolls of amnesia
 e - 2 scrolls of fear
 f - 5 scrolls of teleportation
 h - 3 scrolls of enchant armour {unknown}
 i - 5 scrolls of identify
 o - 2 scrolls of random uselessness {unknown}
 p - 2 scrolls of immolation {unknown}
 y - 2 scrolls of blinking {unknown}
 z - 2 scrolls of magic mapping {unknown}
 G - a scroll of noise {unknown}
Potions
 g - 2 potions of brilliance
 j - 2 potions of flight {unknown}
 k - a potion of invisibility
 s - 3 potions of curing
 C - a potion of haste
 F - a potion of attraction


   Skills:
 + Level 2.7 Fighting
 + Level 2.5 Maces & Flails
 + Level 2.8 Armour
 + Level 2.8 Dodging
 - Level 2.1 Stealth
 + Level 2.7 Shields
 + Level 6.4 Spellcasting
 + Level 9.9 Conjurations
 + Level 9.5 Fire Magic
 + Level 2.0 Air Magic
 - Level 2.0 Evocations


You had 8 spell levels left.
You knew the following spells:

 Your Spells              Type           Power        Failure   Level
a - Foxfire               Conj/Fire      100%         1%          1
b - Conjure Flame         Conj/Fire      51%          1%          3
c - Sticky Flame          Conj/Fire      51%          2%          4
d - Fireball              Conj/Fire      25%          6%          5

Your spell library contained the following spells:

 Spells                   Type           Power        Failure   Level
 Inner Flame              Hex/Fire       29%          5%          3
 Confusing Touch          Hex            7%           36%         3
 Gell's Gravitas          Tloc           3%           36%         3
 Petrify                  Tmut/Erth      7%           77%         4
 Metabolic Englaciation   Hex/Ice        3%           98%         5
 Yara's Violent Unravell  Hex/Tmut       3%           98%         5


Dungeon Overview and Level Annotations

Branches:
Dungeon (10/15)            Temple (1/1) D:6            Lair (0/6) D:9
    Orc: D:9-12

Altars:
Ashenzari
Cheibriados
Dithmenos
Elyvilon
Fedhas
Gozag
Hepliaklqana
Kikubaaqudgha
Makhleb
Nemelex Xobeh
Okawaru
Qazlal
Ru
Sif Muna
Trog
Uskayaw
Vehumet
Wu Jian
Xom
Yredelemnul
Zin
The Shining One
Beogh

Shops:
D:4 (   D:10 :

Annotations:
D:10 Grum


Innate Abilities, Weirdness & Mutations

You are resistant to torment.
Your stone body is resilient. (AC +7)
You are immune to poison.
You resist negative energy. (rN+)
You are resistant to electric shocks. (rElec)
You can survive without breathing.
You are immune to petrification.
You are immune to miasma.


Message History

The wolf is almost dead.
Grum hits you from afar with a +0 spear.
The wolf bites you but does no damage. You block Grum's attack.
The wolf bites you but does no damage.
You take 6 damage, and have 25/54 hp.
Casting: Foxfire (safe; 1% risk of failure)
Confirm with . or Enter, or press ? or * to list all spells.
You conjure some foxfire!
The wolf barely misses you.
Grum hits you from afar with a +0 spear!
You take 7 damage, and have 18/54 hp.
You now have 26/28 mp.
You hit the wolf. You burn the wolf.
You kill the wolf!
The foxfire hits Grum.
Grum is lightly wounded.
Grum hits you from afar with a +0 spear!
* * * LOW HITPOINT WARNING * * *
The foxfire hits Grum.
Grum is lightly wounded.
Grum hits you from afar with a +0 spear!
You die...

######## #.#......#
#.#......#...#.....
+J#......#...#.....
#h#.∩....#...#.....
#h#......#...#.....
+g#......#...#.....
#.####'#'#...#.....
#§@§.........#.....
#.§§.........####'#
#..................
.....................
####.......###.......
######### #.......
#....... #..(....
#.......


You could see Grum (fast), 2 wolves and a jelly.

Vanquished Creatures
  A two-headed ogre (D:9)
  A cyclops (D:9)
  An elephant (D:9)
  A gargoyle (D:8)
  Grinder (D:3)
  Sigmund (D:3)
  2 wyverns
  A basilisk (D:9)
  Eustachio (D:5)
  2 sky beasts (D:8)
  2 black bears (D:9)
  3 ogres
  6 orc warriors
  2 phantoms
  A wolf (D:10)
  A centaur (D:8)
  A big kobold (D:7)
  8 bullfrogs
  A water moccasin zombie (D:6)
  4 scorpions (D:4)
  A water moccasin skeleton (D:8)
  A howler monkey (D:6)
  A bullfrog zombie (D:9)
  A quasit (D:9)
  2 jellies
  5 orc priests
  4 hounds
  12 orc wizards
  A centaur skeleton (D:6)
  3 iguanas
  7 worker ants
  The ghost of Gadfly the Skirmisher, a weakling OgDe (D:5)
  3 hound skeletons
  A howler monkey skeleton (D:4)
  A worker ant zombie (D:6)
  Robin (D:2)
  8 adders
  2 shadow imps
  2 white imps
  2 ufetubi
  An ooze (D:6)
  An adder skeleton (D:5)
  2 worms (D:3)
  3 dart slugs
  8 leopard geckos
  49 orcs
  4 ball pythons
  5 giant cockroaches
  11 goblins
  10 hobgoblins
  32 jackals
  2 quokkas
  5 bats
  6 frilled lizards
  15 kobolds
  9 rats
263 creatures vanquished.

Vanquished Creatures (others)
  813 foxfires
  A plant (D:4)
814 creatures vanquished.

Grand Total: 1077 creatures vanquished

Notes
Turn   | Place    | Note
-------+----------+-------------------------------------------
     0 | D:1      | kaeus the Gargoyle Fire Elementalist began the quest for
                  | the Orb.
     0 | D:1      | Reached XP level 1. HP: 10/10 MP: 3/3
   297 | D:1      | Reached XP level 2. HP: 9/15 MP: 3/5
  1055 | D:2      | Reached XP level 3. HP: 19/19 MP: 2/6
  1055 | D:2      | Noticed Robin
  1662 | D:2      | Reached XP level 4. HP: 22/24 MP: 0/7
  1781 | D:2      | Killed Robin
  2121 | D:2      | Found an ancient bone altar of Kikubaaqudgha.
  2402 | D:2      | Reached XP level 5. HP: 28/28 MP: 1/9
  3309 | D:3      | Reached XP level 6. HP: 28/32 MP: 7/10
  3371 | D:3      | Noticed Grinder
  3396 | D:3      | Killed Grinder
  3397 | D:3      | Reached skill level 5 in Fire Magic
  3839 | D:3      | Noticed Sigmund
  3858 | D:3      | Reached XP level 7. HP: 27/36 MP: 8/12
  3866 | D:3      | Killed Sigmund
  3867 | D:3      | Reached skill level 5 in Conjurations
  4532 | D:4      | Found a glowing silver altar of Zin.
  4532 | D:4      | Found a broken altar of Ashenzari.
  4673 | D:4      | Reached XP level 8. HP: 30/41 MP: 14/14
  4814 | D:4      | Found a blossoming altar of Fedhas.
  5022 | D:4      | Found Wenonuse's Antique Weapon Boutique.
  5277 | D:5      | Entered Level 5 of the Dungeon
  5317 | D:5      | Noticed Gadfly's ghost (weakling OgDe)
  5320 | D:5      | Found a transporter.
  5365 | D:5      | Found a transporter.
  5415 | D:5      | Found a white marble altar of Elyvilon.
  5510 | D:5      | Found an opulent altar of Gozag.
  5728 | D:5      | Noticed Eustachio
  5737 | D:5      | Killed Eustachio
  5955 | D:5      | Killed Gadfly's ghost
  6093 | D:6      | Found a staircase to the Ecumenical Temple.
  7499 | D:6      | Found a runed translucent door.
  8246 | D:6      | Learned a level 3 spell: Conjure Flame
  8251 | D:6      | Learned a level 4 spell: Sticky Flame
  8257 | D:6      | Learned a level 5 spell: Fireball
  8364 | D:6      | Reached XP level 9. HP: 45/45 MP: 16/16
  8395 | D:6      | Reached skill level 5 in Spellcasting
  8455 | D:6      | Found a roughly hewn altar of Beogh.
  8622 | Temple   | Entered the Ecumenical Temple
  8803 | Temple   | Became a worshipper of the Shining One
  9386 | D:7      | Found an iron altar of Okawaru.
  9386 | D:7      | Found a basalt altar of Yredelemnul.
  9964 | D:8      | Found a radiant altar of Vehumet.
 10092 | D:8      | Found a sacrificial altar of Ru.
 10304 | D:8      | Got a crystal flail
 10309 | D:8      | Identified the cursed +1 flail of the Muttering Stork
                  | {flame, Int+3 Dex+4 Stlth+} (You found it on level 8 of the
                  | Dungeon)
 10517 | D:8      | Found a transporter.
 10649 | D:8      | Found a roughly hewn altar of Beogh.
 10649 | D:8      | Found a transporter.
 10664 | D:8      | Reached XP level 10. HP: 23/51 MP: 4/18
 10753 | D:8      | Reached skill level 1 in Fighting
 10753 | D:8      | Reached skill level 1 in Maces & Flails
 10753 | D:8      | Reached skill level 1 in Armour
 10753 | D:8      | Reached skill level 1 in Shields
 11024 | D:9      | Reached * piety under the Shining One
 11070 | D:9      | Noticed a two-headed ogre
 11080 | D:9      | Killed a two-headed ogre
 11081 | D:9      | Reached skill level 1 in Air Magic
 11081 | D:9      | Reached skill level 1 in Evocations
 11317 | D:9      | Found a staircase to the Lair.
 11317 | D:9      | Noticed an elephant
 11379 | D:9      | Killed an elephant
 11910 | D:9      | Noticed a gargoyle
 12306 | D:8      | Killed a gargoyle
 13545 | D:9      | Found a bloodstained altar of Trog.
 13545 | D:9      | Found a sparkling altar of Nemelex Xobeh.
 13547 | D:9      | Found a burning altar of Makhleb.
 13602 | D:9      | Noticed a cyclops
 13613 | D:9      | Killed a cyclops
 14104 | D:10     | Entered Level 10 of the Dungeon
 14214 | D:10     | Found Faptatwi's Book Boutique.
 14226 | D:10     | Noticed Grum
 14235 | D:10     | Slain by Grum

Illustrated notes

Levels and vault maps discovered:
D:1:      onia_arrival_pyramid, layout_rooms
D:2:      layout_rooms, old_standard_altar, uniq_robin
D:3:      layout_loops_ring, minmay_pentangle, uniq_sigmund, uniq_grinder
D:4:      layout_rooms, chequers_temple_overflow_statue_of_worship,
          serial_shops, nicolae_shop_overgrown_old_shop, hex_medium
D:5:      layout_gridville, kennysheep_mini_moat, elyvilon_altar_1,
          gammafunk_ghost_arena, uniq_eustachio
D:6:      layout_basic, temple_pool_b, serial_curves, eino_curves_03,
          eino_curves_04, lightli_church_of_beogh
D:7:      layout_loops_cross, gammafunk_temple_overflow_pools
D:8:      gammafunk_beogh_shrine, layout_rooms, kennysheep_mini,
          vehumet_crystals
D:9:      layout_long_grid, nicolae_overflow_hidden_temple, david_lair_generic,
          kennysheep_generic_room_13
D:10:     layout_irregular_city, serial_shops, shop, minmay_diamond_spiral,
          uniq_snorg, uniq_erolcha, uniq_grum
Temple:   grunt_temple_mini_profane

Skill      XL: |  1  2  3  4  5  6  7  8  9 10 |
---------------+-------------------------------+-----
Conjurations   | 2 3 4 6 7 9 |  9.9
Fire Magic     | 4 5 6 7 9 |  9.5
Spellcasting   | 3 4 5 6 |  6.4
Fighting       | 2 |  2.7
Maces & Flails | 2 |  2.5
Armour         | 2 |  2.8
Shields        | 2 |  2.7
Dodging        | 2 |  2.8
Air Magic      | 2 |  2.0
Evocations     | 2 |  2.0
Stealth        | |  2.1

Action                   |  1- 3 |  4- 6 |  7- 9 | 10-12 || total
-------------------------+-------+-------+-------+-------++-------
Melee: Club              |    67 |       |       |       ||    67
       Dagger            |     6 |   101 |    24 |       ||   131
       Unarmed           |       |     5 |       |       ||     5
       War axe           |       |       |   115 |       ||   115
       Hand axe          |       |       |    92 |       ||    92
       Flail             |       |       |    10 |    86 ||    96
 Cast: Foxfire           |    66 |   117 |   279 |   108 ||   570
       Fireball          |       |       |     4 |     6 ||    10
       Conjure Flame     |       |       |     1 |     8 ||     9
       Sticky Flame      |       |       |       |     6 ||     6
  Use: Scroll            |       |       |     7 |       ||     7
       Potion            |       |       |     4 |     7 ||    11
Armor: Robe              |    33 |       |       |       ||    33
       Leather armour    |    42 |    43 |   140 |    45 ||   270
       Skin              |       |       |       |    41 ||    41
Dodge: Dodged            |   121 |    55 |   112 |    75 ||   363
Block: Buckler           |       |       |    24 |    24 ||    48
